 Dungeon Crawl Stone Soup version 0.16.1-2-g95b8d4c (webtiles) character file.

11785 inmateoo the Frost Mage (level 11, -3/74 HPs)
             Began as a Demigod Ice Elementalist on Mar 24, 2015.
             Killed by divine providence
             ... invoked by an orc priest
              (15 damage)
             ... on level 11 of the Dungeon.
             The game lasted 00:35:06 (13324 turns).

inmateoo the Frost Mage (Demigod Ice Elementalist) Turns: 13324, Time: 00:35:07

Health: -3/74      AC: 12    Str: 14    XL:     11   Next: 29%
Magic:  22/28      EV: 18    Int: 29    God:
Gold:   496        SH:  0    Dex: 19    Spells: 6 memorised, 5 levels left

rFire  . . .     SeeInvis .     L - +11 long sword of Sunlight {slice, -Cast MR+ Int+4 Dex+3}
rCold  + + .     Clarity  +     a - +0 robe
rNeg   . . .     SustAb   +     (no shield)
rPois  .         Gourm    .     q - +1 helmet
rElec  .         Spirit   .     (no cloak)
rCorr  .         Warding  .     B - +2 pair of gloves {Str+3}
rMut   .         Stasis   .     T - +1 pair of boots
MR     ++...     NoCast   +     A - amulet of regeneration
Stlth  ++++......               M - ring "Zimiul" {SustAb rC++}
                                m - +3 ring of protection

@: very resistant to hostile enchantments, stealthy
A: claws 1, blurry vision 1, clarity, slow healing 1, sustain abilities
a: no special abilities


You were on level 11 of the Dungeon.
You were not hungry.

You visited 1 branch of the dungeon, and saw 12 of its levels.
You also visited: Sewer.

You collected 681 gold pieces.
You spent 185 gold pieces at shops.

Inventory:

Hand weapons
 j - a +0 blowgun
 L - the +11 long sword of Sunlight (weapon) {slice, -Cast MR+ Int+4 Dex+3}
   (You took it off a kobold on level 6 of the Dungeon)

   It inflicts extra damage upon your enemies.
   It affects your intelligence (+4).
   It affects your dexterity (+3).
   It affects your resistance to hostile enchantments.
   It prevents spellcasting.
Missiles
 n - 55 poisoned needles
 r - 10 curare-tipped needles
Armour
 a - a +0 robe (worn)
 q - a +1 helmet (worn)
 B - a +2 pair of gloves of strength (worn)
 T - a +1 pair of boots (worn)
Magical staves
 k - an uncursed staff of power
Jewellery
 m - a +3 ring of protection (left hand)
 A - an amulet of regeneration (around neck)
 M - the ring "Zimiul" (right hand) {SustAb rC++}
   (You found it on level 8 of the Dungeon)

   [ring of sustain abilities]

   It sustains your strength, intelligence and dexterity.
   It greatly protects you from cold.
 W - the amulet of Zimumpub {+Rage +Inv +Fly MP+9 Int+4}
   (You bought it in a shop on level 10 of the Dungeon)

   [amulet of rage]

   It affects your intelligence (+4).
   It affects your magic capacity (+9).
   It lets you turn invisible.
   It lets you fly.
   It lets you go berserk.
Magical devices
 y - a wand of lightning (3)
 X - a wand of disintegration (15)
 Y - a wand of polymorph (17)
 Z - a wand of magic darts (23)
Scrolls
 f - 4 scrolls of remove curse
 p - 2 scrolls of summoning
 v - 4 scrolls of amnesia
 x - a scroll of fog
 J - a scroll of enchant armour
 K - 2 scrolls of teleportation
 Q - a scroll of enchant weapon
 R - 2 scrolls of blinking
 S - a scroll of magic mapping
Potions
 e - 7 potions of curing
 g - 6 potions of brilliance {unknown}
 h - 2 potions of invisibility
 i - a potion of flight
 l - 3 potions of degeneration {unknown}
 s - a potion of berserk rage
 t - 5 potions of agility
 u - 4 potions of haste {unknown}
 z - 2 potions of poison {unknown}
 D - 6 potions of heal wounds {unknown}
 E - 3 potions of might {unknown}
 F - 4 potions of lignification {unknown}
 N - a potion of resistance
 O - 3 potions of cancellation
Books
 b - a book of Frost

   Spells                             Type                      Level
   a - Freeze                         Ice                          1
   b - Throw Frost                    Conjuration/Ice              2
   c - Ozocubu's Armour               Charms/Ice                   3
   d - Throw Icicle                   Conjuration/Ice              4
   e - Summon Ice Beast               Ice/Summoning                4
   f - Condensation Shield            Ice                          4
 C - a book of Debilitation

   Spells                             Type                      Level
   a - Corona                         Hexes                        1
   b - Slow                           Hexes                        2
   c - Inner Flame                    Hexes/Fire                   3
   d - Enslavement                    Hexes                        4
   e - Cause Fear                     Hexes                        4
   f - Leda's Liquefaction            Hexes/Earth                  4
 G - a book of Clouds

   Spells                             Type                      Level
   a - Mephitic Cloud                 Conjuration/Poison/Air       3
   b - Conjure Flame                  Conjuration/Fire             3
   c - Poisonous Cloud                Conjuration/Poison/Air       6
   d - Freezing Cloud                 Conjuration/Ice/Air          6
   e - Ring of Flames                 Charms/Fire                  7
 H - a book of the Tempests

   Spells                             Type                      Level
   a - Static Discharge               Conjuration/Air              3
   b - Lightning Bolt                 Conjuration/Air              5
   c - Fireball                       Conjuration/Fire             5
   d - Tornado                        Air                          9
   e - Shatter                        Earth                        9
Comestibles
 c - 9 bread rations
 d - a beef jerky
 o - 4 meat rations
 w - a slice of pizza
 P - a chunk of flesh
 U - 6 fruits
 V - 5 royal jellies


   Skills:
 + Level 7.6 Dodging
 - Level 7.0 Stealth
 + Level 6.8 Spellcasting
 + Level 4.7 Conjurations
 * Level 10.8 Ice Magic
 + Level 3.2 Evocations


You had 5 spell levels left.
You knew the following spells:

 Your Spells              Type           Power        Failure   Level  Hunger
a - Freeze                Ice            ####         1%          1    None
b - Throw Frost           Conj/Ice       ######       1%          2    None
c - Ozocubu's Armour      Chrm/Ice       #####...     1%          3    None
d - Summon Ice Beast      Ice/Summ       #####...     8%          4    ##.....
e - Throw Icicle          Conj/Ice       ######..     1%          4    ##.....
f - Condensation Shield   Ice            ######....   1%          4    ##.....


Dungeon Overview and Level Annotations

Branches:
Dungeon (12/15)            Temple (0/1) D:7            Lair (0/8) D:10
    Orc (0/4) D:9

Shops:
D:9 %   D:10 *   D:11 (

Annotations:
D:10 exclusion: oklob plant


Innate Abilities, Weirdness & Mutations

Your attributes are resistant to harm.
You have sharp fingernails.
Scrolls take you a little longer to read.
You possess an exceptional clarity of mind.
You heal slowly when monsters are visible.


Message History

Unknown command.
You hit the kobold demonologist!
The kobold demonologist is severely wounded.
The sixfirhy hits you. The sixfirhy shocks you! The sixfirhy hits you.
The sixfirhy shocks you! The sixfirhy misses you. The sixfirhy hits you!
The sixfirhy shocks you!
The kobold demonologist hits you but does no damage.
The sixfirhy misses you.
The crimson imp blinks!
The kobold demonologist gestures wildly while chanting.
Some of the chunks of flesh in your inventory have rotted away.
You hit the kobold demonologist.
The kobold demonologist is severely wounded.
The sixfirhy hits you.
* * * LOW HITPOINT WARNING * * *
The sixfirhy shocks you!
* * * LOW HITPOINT WARNING * * *
The kobold demonologist mumbles some strange words.
The orc priest mumbles some strange prayers to Beogh against you.
Something smites you!
You die...

###.# #####.########.#
#...# #.# #.. #.### #.#
#.# #.# ##'## #.# #.#
##...## #.# #)###
##.).<.## #.. #.#.##
##.......## #..
#...3####.........####..
#....5K@4o>.......'u.)..
#...3####.........####u.
#.#.## ##.......## #..
#.### ##.....## #.. ##.#
##...## ### #..# ##'##
#.## #.# #.# #.# #.#
##.##


You could see a kobold demonologist, a sixfirhy, a neqoxec, a chaos spawn, an
orc priest and a crimson imp.

Vanquished Creatures
  A centaur warrior (D:11)
  Urug (D:11)
  Pikel (D:7)
  4 hill giants
  2 two-headed ogres
  A trapdoor spider zombie (D:9)
  A steam dragon (D:11)
  12 yaks
  A hippogriff (D:9)
  Grum (D:11)
  2 deep elf magi
  4 wolves (D:11)
  2 hungry ghosts
  2 ice beasts
  2 phantoms (D:11)
  2 black bears (D:7)
  3 orc warriors
  2 sky beasts
  4 ogres
  A crocodile (D:12)
  4 giant frogs
  A wyvern zombie (D:10)
  5 big kobolds
  2 scorpions (D:4)
  9 wights
  4 crimson imps
  A spriggan skeleton (D:9)
  A troll skeleton (D:9)
  A giant frog zombie (D:7)
  A quasit (D:12)
  2 iguanas
  2 giant frog skeletons
  4 hounds
  4 jellies
  A centaur skeleton (D:9)
  8 worker ants
  4 orc priests
  9 orc wizards
  A killer bee zombie (D:6)
  A hound zombie (D:8)
  A hound skeleton (D:6)
  A mummy (D:9)
  A worker ant zombie (D:10)
  7 gnolls
  Robin (D:2)
  13 adders
  7 river rats (Sewer)
  6 shadow imps
  A giant mite (D:5)
  3 worms
  2 adder zombies
  3 adder skeletons
  8 giant geckos
  An ooze (D:4)
  18 orcs
  5 ball pythons (Sewer)
  12 bats
  A bat skeleton (D:7)
  A bat zombie (D:5)
  3 giant cockroaches
  17 goblins
  22 hobgoblins
  4 jackals
  3 quokkas
  A giant gecko skeleton (D:6)
  5 giant newts
  A giant spore (D:11)
  46 kobolds
  An orc zombie (D:9)
  A quokka zombie (D:5)
  36 rats
  3 ballistomycetes (D:11)
349 creatures vanquished.

Vanquished Creatures (collateral kills)
  A troll (D:9)
  A deep elf mage (D:12)
  A scorpion (D:11)
  An orc priest (D:9)
  An orc (D:9)
5 creatures vanquished.

Vanquished Creatures (others)
  2 slaves (D:7)
  A big kobold (D:7)
  A water moccasin zombie (D:7)
  A centaur zombie (D:7)
  A worker ant (D:11)
  An adder (D:7)
  A jackal (D:11)
  3 kobolds (D:7)
  2 giant spores
13 creatures vanquished.

Grand Total: 367 creatures vanquished

Notes
Turn   | Place    | Note
--------------------------------------------------------------
     0 | D:1      | inmateoo, the Demigod Ice Elementalist, began the quest for the Orb.
     0 | D:1      | Reached XP level 1. HP: 14/14 MP: 3/3
   285 | D:1      | Reached XP level 2. HP: 4/20 MP: 0/4
   345 | D:1      | Learned a level 2 spell: Throw Frost
   581 | D:1      | Reached skill level 3 in Ice Magic
  1045 | D:2      | Found a sacrificial altar of Ru.
  1164 | D:2      | Found an iron altar of Okawaru.
  1164 | D:2      | Found a blossoming altar of Fedhas.
  1172 | D:2      | Reached XP level 3. HP: 26/26 MP: 0/8
  1443 | D:2      | Reached XP level 4. HP: 33/33 MP: 1/10
  1639 | D:2      | Learned a level 3 spell: Ozocubu's Armour
  1781 | D:2      | Noticed Robin
  1801 | D:2      | Killed Robin
  2047 | D:3      | Reached skill level 4 in Ice Magic
  2145 | D:3      | Found a white marble altar of Elyvilon.
  2213 | D:3      | Found a radiant altar of Vehumet.
  2226 | D:3      | Found a shadowy altar of Dithmenos.
  2247 | D:3      | Reached XP level 5. HP: 38/38 MP: 8/12
  3137 | D:4      | Found a glowing drain.
  3141 | Sewer    | Entered a sewer
  3358 | Sewer    | Reached XP level 6. HP: 39/45 MP: 9/16
  3800 | Sewer    | Reached skill level 5 in Ice Magic
  4229 | D:4      | Reached XP level 7. HP: 50/50 MP: 16/19
  4237 | D:4      | Found a white marble altar of Elyvilon.
  4281 | D:5      | Entered Level 5 of the Dungeon
  4623 | D:5      | Found a sparkling altar of Nemelex Xobeh.
  4650 | D:5      | Found a deep blue altar of Sif Muna.
  5677 | D:6      | Reached skill level 6 in Ice Magic
  5681 | D:6      | Gained mutation: You possess an exceptional clarity of mind. [mutagenic meat]
  6010 | D:6      | Found an ancient bone altar of Kikubaaqudgha.
  6194 | D:6      | Reached XP level 8. HP: 57/57 MP: 16/21
  6570 | D:6      | Got a pitted long sword
  7060 | D:8      | Learned a level 4 spell: Summon Ice Beast
  7065 | D:8      | Learned a level 4 spell: Throw Icicle
  7209 | D:8      | Reached skill level 7 in Ice Magic
  7318 | D:8      | Noticed a two-headed ogre
  7326 | D:8      | Identified the +11 long sword of Sunlight {slice, -Cast MR+ Int+4 Dex+3} (You took it off a kobold on level 6 of the Dungeon)
  7350 | D:7      | Reached skill level 5 in Stealth
  7353 | D:7      | Reached skill level 5 in Dodging
  7403 | D:7      | Noticed Pikel
  7423 | D:7      | Killed Pikel
  7435 | D:7      | Found a staircase to the Ecumenical Temple.
  7563 | D:7      | Reached XP level 9. HP: 62/62 MP: 19/23
  7614 | D:7      | Gained mutation: You can translocate small distances at will. [potion of mutation]
  7614 | D:7      | Gained mutation: You have sharp fingernails. [potion of mutation]
  7614 | D:7      | Gained mutation: You heal slowly when monsters are visible. [potion of mutation]
  7773 | D:7      | Reached skill level 8 in Ice Magic
  8141 | D:7      | Reached skill level 5 in Spellcasting
  8247 | D:8      | Got a vibrating gossamer ring
  8584 | D:8      | Found a shimmering altar of Xom.
  8612 | D:8      | Noticed a hill giant
  8622 | D:8      | Killed a hill giant
  8805 | D:8      | Killed a two-headed ogre
  8805 | D:8      | Reached skill level 1 in Conjurations
  8985 | D:9      | Found Xunkyeppehyi's Food Shop.
  9033 | D:9      | Found a staircase to the Orcish Mines.
  9095 | D:9      | Found a snail-covered altar of Cheibriados.
  9149 | D:9      | Identified the ring "Zimiul" {SustAb rC++} (You found it on level 8 of the Dungeon)
  9189 | D:9      | Gained mutation: Scrolls take you a little longer to read. [mutagenic meat]
  9190 | D:9      | Lost mutation: You can translocate small distances at will. [mutagenic meat]
  9234 | D:9      | Found a shattered altar of Ashenzari.
  9251 | D:9      | Reached skill level 9 in Ice Magic
  9543 | D:9      | Reached XP level 10. HP: 61/69 MP: 16/26
  9669 | D:9      | Found a runed door.
  9784 | D:10     | Entered Level 10 of the Dungeon
  9786 | D:10     | Found a staircase to the Lair.
  9931 | D:10     | Learned a level 4 spell: Condensation Shield
  9949 | D:10     | Found Cyes' Assorted Antiques.
 10088 | D:10     | Noticed a hill giant
 10608 | D:10     | Bought a crude platinum amulet for 185 gold pieces
 10609 | D:10     | Identified the amulet of Zimumpub {+Rage +Inv +Fly MP+9 Int+4} (You bought it in a shop on level 10 of the Dungeon)
 10789 | D:10     | Killed a hill giant
 10789 | D:10     | Reached skill level 1 in Evocations
 11015 | D:10     | Found a blossoming altar of Fedhas.
 11029 | D:10     | Noticed an oklob plant
 11290 | D:11     | Noticed a hill giant
 11300 | D:11     | Killed a hill giant
 11300 | D:11     | Reached skill level 10 in Ice Magic
 11615 | D:11     | Noticed a centaur warrior
 11629 | D:11     | Killed a centaur warrior
 11761 | D:11     | Found Schuinoc's Antique Weapon Boutique.
 11898 | D:11     | Noticed Grum
 11960 | D:11     | Killed Grum
 11987 | D:11     | Noticed a purple ugly thing
 12174 | D:11     | Reached XP level 11. HP: 37/74 MP: 28/28
 12377 | D:11     | Noticed Urug
 12389 | D:11     | Killed Urug
 12887 | D:12     | Noticed a hill giant
 12903 | D:12     | Killed a hill giant
 13324 | D:11     | Killed from afar by an orc priest

Action                   |  1- 3 |  4- 6 |  7- 9 | 10-12 || total
-------------------------+-------+-------+-------+-------++-------
Melee: Unarmed           |     8 |       |    18 |       ||    26
       Whip              |       |    17 |       |       ||    17
       Blowgun           |       |       |    21 |       ||    21
       Long sword        |       |       |   137 |   235 ||   372
 Fire: Blowgun           |       |     3 |    80 |    10 ||    93
 Cast: Freeze            |    61 |   186 |   209 |    47 ||   503
       Throw Frost       |     2 |     8 |    31 |     2 ||    43
       Throw Icicle      |       |       |    21 |    12 ||    33
       Summon Ice Beast  |       |       |     3 |     2 ||     5
       Ozocubu's Armour  |       |       |     1 |     6 ||     7
       Condensation Shie |       |       |       |     4 ||     4
Evoke: Wand              |       |       |       |     1 ||     1
  Use: Scroll            |     3 |     4 |     8 |     7 ||    22
       Potion            |       |       |     1 |     1 ||     2
 Stab: Sleeping          |     1 |     2 |    18 |     6 ||    27
  Eat: Chunk             |     2 |     8 |    25 |    15 ||    50
       Pizza             |       |       |     3 |     1 ||     4
       Beef jerky        |       |       |     1 |       ||     1
